[Event "Ch FRA 2024 Accession"]
[Site "ALPE D'HUEZ, France"]
[Date "2024.08.24"]
[Round "8.4"]
[White "DEFROMONT, Benjamin"]
[Black "VLACHOS, Anatole"]
[Result "1-0"]
[ECO "A13"]
[WhiteElo "2380"]
[BlackElo "2461"]
[PlyCount "63"]
[EventDate "2024.??.??"]
[TimeControl "90/40+30:0"]

1. c4 {533} e6 {4} 2. Nf3 {10} d5 {3} 3. g3 {5} d4 {4} 4. Bg2 {33} Nc6 {4} 5.
O-O {77} Nh6 {16} 6. d3 {68} Nf5 {14} 7. Na3 {347} h5 {296} 8. Nc2 {309} h4 {
420} 9. b4 {23} hxg3 {13} 10. fxg3 {108} f6 {415} 11. e4 {919} dxe3 {96} 12.
Nxe3 {43} e5 {522} 13. a3 {723} a5 {257} 14. Nxf5 {205} Bxf5 {44} 15. d4 {54}
axb4 {533} 16. Be3 {63} bxa3 {516} 17. Nxe5 {203} Nxe5 {249} 18. Rxf5 {239}
Nxc4 {137} 19. Bf2 {249} Qd7 {742} 20. Qe2+ {657} Be7 {101} 21. Rc5 {23} Nd6 {
76} 22. Qc2 {10} c6 {627} 23. d5 {134} cxd5 {1} 24. Bxd5 {90} Qh3 {50} 25. Rc7
{109} Rc8 {448} 26. Qg6+ {262} Kd8 {185} 27. Rxe7 {10} Qxh2+ {100} 28. Kf1 {6}
Rc3 {64} 29. Rxg7 {146} Qh3+ {28} 30. Bg2 {13} Qe6 {1} 31. Re1 {105} Qc4+ {37}
32. Kg1 {4} 1-0

[Event "Ch FRA 2024 Accession"]
[Site "ALPE D'HUEZ, France"]
[Date "2024.08.25"]
[Round "9.2"]
[White "ABERGEL, Thal"]
[Black "SHCHEKACHEV, Andrei"]
[Result "1-0"]
[ECO "A46"]
[WhiteElo "2392"]
[BlackElo "2465"]
[PlyCount "41"]
[EventDate "2024.??.??"]
[TimeControl "90/40+30:0"]

1. d4 {103} Nf6 {164} 2. Nf3 {224} e6 {34} 3. Bf4 {10} c5 {57} 4. e3 {30} b6 {
70} 5. Nc3 {256} a6 {535} 6. d5 {301} Bb7 {343} 7. e4 {254} b5 {25} 8. Qe2 {226
} Qa5 {906} 9. Nd2 {457} Be7 {261} 10. g3 {167} exd5 {1118} 11. e5 {146} Ne4 {
28} 12. Ndxe4 {49} dxe4 {13} 13. Bg2 {8} O-O {463} 14. O-O {156} Nc6 {122} 15.
Nd5 {133} Qd8 {945} 16. Bxe4 {167} Nd4 {247} 17. Qg4 {139} Bxd5 {19} 18. Bxd5 {
22} g6 {50} 19. c3 {215} Ne6 {63} 20. Bh6 {149} Re8 {13} 21. f4 {52} 1-0

[Event "Ch FRA 2024 Accession"]
[Site "ALPE D'HUEZ, France"]
[Date "2024.08.25"]
[Round "9.3"]
[White "DEFROMONT, Benjamin"]
[Black "VIEL, Simon"]
[Result "1/2-1/2"]
[ECO "D84"]
[WhiteElo "2380"]
[BlackElo "2385"]
[PlyCount "121"]
[EventDate "2024.??.??"]
[TimeControl "90/40+30:0"]

1. d4 {607} Nf6 {9} 2. c4 {5} g6 {10} 3. Nc3 {6} d5 {5} 4. Bf4 {29} Bg7 {20} 5.
e3 {6} O-O {140} 6. cxd5 {103} Nxd5 {9} 7. Nxd5 {5} Qxd5 {5} 8. Bxc7 {5} Na6 {
19} 9. Bxa6 {14} Qxg2 {12} 10. Qf3 {4} Qxf3 {8} 11. Nxf3 {8} bxa6 {3} 12. Rc1 {
23} Bb7 {479} 13. Ke2 {32} f6 {20} 14. Rc5 {460} e6 {1745} 15. Rhc1 {220} Rf7 {
37} 16. Bg3 {904} Re8 {387} 17. b3 {194} g5 {453} 18. Nd2 {425} Bf8 {326} 19.
Rc7 {292} h5 {279} 20. f3 {235} h4 {652} 21. Rxf7 {130} Kxf7 {6} 22. Rc7+ {9}
Re7 {4} 23. Rxe7+ {25} Bxe7 {326} 24. Bb8 {5} Bd8 {87} 25. Nc4 {517} Kg6 {162}
26. Kf2 {66} Bb6 {116} 27. Bd6 {551} f5 {334} 28. Bc5 {717} Bc7 {28} 29. Ne5+ {
29} Bxe5 {254} 30. dxe5 {19} g4 {58} 31. f4 {90} Kf7 {109} 32. Bxa7 {166} Ke8 {
42} 33. Bc5 {52} Kd7 {30} 34. Bf8 {17} Be4 {107} 35. Bh6 {15} Kc6 {36} 36. Bg5
{10} h3 {20} 37. Bh4 {74} Bb1 {41} 38. a3 {33} Ba2 {110} 39. e4 {85} Bxb3 {35}
40. exf5 {13} exf5 {7} 41. Kg3 {29} Kd5 {28} 42. Bd8 {32} Ke6 {19} 43. Ba5 {13}
Kd5 {17} 44. Be1 {12} Ke4 {26} 45. Bf2 {38} Bc4 {32} 46. Be1 {25} Bb3 {7} 47.
Bd2 {42} Kd3 {80} 48. Bb4 {12} Ke4 {11} 49. Bd6 {3} Bc4 {31} 50. a4 {10} a5 {81
} 51. Bc7 {27} Kd5 {18} 52. Bxa5 {4} Bb3 {3} 53. Be1 {8} Bxa4 {4} 54. Kh4 {3}
Ke6 {6} 55. Kg5 {3} Bc2 {7} 56. Bg3 {3} Be4 {8} 57. Kg6 {4} Bd3 {6} 58. Kg7 {8}
Bc2 {6} 59. Kf8 {5} Ba4 {7} 60. Be1 {7} Bb5 {6} 61. Bg3 {
Kxe5 [%emt 00:00:05] 17} 1/2-1/2

[Event "Ch FRA 2024 Accession"]
[Site "ALPE D'HUEZ, France"]
[Date "2024.08.25"]
[Round "9.4"]
[White "ROUX, Baptiste"]
[Black "SAVINA, Anastasia"]
[Result "0-1"]
[ECO "C91"]
[WhiteElo "2353"]
[BlackElo "2321"]
[PlyCount "58"]
[EventDate "2024.??.??"]
[TimeControl "90/40+30:0"]

1. e4 {2} e5 {19} 2. Nf3 {9} Nc6 {7} 3. Bb5 {5} a6 {23} 4. Ba4 {5} Nf6 {5} 5.
O-O {6} Be7 {14} 6. Re1 {7} b5 {27} 7. Bb3 {9} d6 {12} 8. c3 {9} O-O {7} 9. d4
{5} Bg4 {23} 10. Be3 {6} Bh5 {30} 11. h3 {209} exd4 {80} 12. cxd4 {8} Na5 {13}
13. Bc2 {34} Nc4 {12} 14. Bc1 {8} d5 {59} 15. e5 {252} Ne4 {16} 16. Bxe4 {329}
dxe4 {7} 17. Rxe4 {3} f6 {79} 18. b3 {748} Nxe5 {477} 19. Nbd2 {795} Nc6 {1195}
20. Bb2 {189} f5 {844} 21. Re6 {759} Qd5 {278} 22. Qe2 {28} Bb4 {1223} 23. Rc1
{176} Rae8 {765} 24. Rxe8 {41} Rxe8 {3} 25. Qd3 {6} f4 {428} 26. Nf1 {773} Bxf3
{355} 27. gxf3 {250} Ne5 {48} 28. Qd1 {153} Nxf3+ {8} 29. Kh1 {4} Re1 {52} 0-1